[ AOE2 MATCH · #495434811 ]
UnrankedByzantines vs Turks
Player's team · LOSS
Rival team · WIN
[ REPLAY ANALYSIS · EXTRACTED FROM THE RECORDED GAME ]
Feudal
9:32
Castle
19:54
Imperial
33:19
| APM avg | 62.9 |
| APM peak | 111 |
| eAPM avg | 30.3 |
| Villagers / military | 134 / 55 |
Focus
⚔️ 25.2% · 🌾 74.8%
Spearman ×23 · Skirmisher ×16 · Trebuchet (Packed) ×10 · Archer ×6
Feudal
12:13
Castle
20:49
Imperial
32:53
| APM avg | 52.0 |
| APM peak | 112 |
| eAPM avg | 24.8 |
| Villagers / military | 108 / 52 |
Focus
⚔️ 36.6% · 🌾 63.4%
Scout Cavalry ×15 · Hand Cannoneer ×14 · Militia ×5 · Skirmisher ×4 · Bombard Cannon ×4 · Monk ×3
Match map
Initial resources + every placement click. Lines = walls · curves = elevation contours. ◆ gold · ⬟ stone · ● berries · ✦ relic · ◌ wall gap
Your base· Open — 9t gap
TorsionEngineer's base· Open — unwalled flank
Smoothed initial terrain · ◌ = detected wall gap · hover for details
Inputs per minute
— 乌龙珍珠拿铁 - - TorsionEngineer
Build order — 乌龙珍珠拿铁
First 150 of 347 actions detected
| 0:00 | Queue | Villager (Male) |
| 0:00 | Queue | Villager (Male) |
| 0:02 | Build | House |
| 0:03 | Build | House |
| 0:06 | Queue | Villager (Male) |
| 0:14 | Queue | Villager (Male) |
| 1:26 | Queue | Villager (Male) |
| 2:05 | Queue | Villager (Male) |
| 2:05 | Queue | Villager (Male) |
| 2:30 | Queue | Villager (Male) |
| 2:30 | Queue | Villager (Male) |
| 2:30 | Queue | Villager (Male) |
| 2:46 | Build | Lumber Camp |
| 2:55 | Queue | Villager (Male) |
| 2:56 | Queue | Villager (Male) |
| 3:03 | Queue | Villager (Male) |
| 3:03 | Queue | Villager (Male) |
| 3:03 | Queue | Villager (Male) |
| 3:22 | Queue | Villager (Male) |
| 3:23 | Queue | Villager (Male) |
| 3:48 | Queue | Villager (Male) |
| 3:48 | Queue | Villager (Male) |
| 3:49 | Queue | Villager (Male) |
| 4:09 | Queue | Villager (Male) |
| 4:09 | Queue | Villager (Male) |
| 4:30 | Queue | Villager (Male) |
| 4:31 | Queue | Villager (Male) |
| 4:43 | Research | Loom |
| 4:44 | Build | House |
| 5:09 | Queue | Villager (Male) |
| 5:33 | Build | Mill |
| 5:42 | Queue | Villager (Male) |
| 5:58 | Queue | Villager (Male) |
| 6:15 | Queue | Villager (Male) |
| 6:35 | Queue | Villager (Male) |
| 6:53 | Queue | Villager (Male) |
| 7:19 | Research | Feudal Age |
| 7:24 | Build | Barracks |
| 8:13 | Build | House |
| 8:43 | Build | Farm |
| 8:44 | Build | Farm |
| 8:44 | Build | Farm |
| 8:44 | Build | Farm |
| 8:44 | Build | Farm |
| 8:51 | Build | House |
| 8:53 | Build | House |
| 8:57 | Queue | Villager (Male) |
| 9:07 | Build | Mining Camp |
| 9:22 | Build | Palisade Wall |
| 9:32 | Age | Feudal Age |
| 9:35 | Research | Double-Bit Axe |
| 9:40 | Build | Archery Range |
| 9:50 | Build | House |
| 9:56 | Build | House |
| 10:01 | Queue | Villager (Male) |
| 10:08 | Build | Farm |
| 10:11 | Build | Farm |
| 10:35 | Build | Palisade Wall |
| 10:37 | Build | Palisade Wall |
| 10:44 | Build | Farm |
| 10:45 | Build | Farm |
| 10:52 | Queue | Archer |
| 10:52 | Queue | Archer |
| 10:52 | Queue | Archer |
| 10:54 | Queue | Villager (Male) |
| 10:54 | Queue | Villager (Male) |
| 10:54 | Queue | Villager (Male) |
| 10:58 | Build | Farm |
| 11:19 | Queue | Villager (Male) |
| 11:20 | Queue | Villager (Male) |
| 11:22 | Build | Farm |
| 11:25 | Queue | Archer |
| 11:45 | Queue | Villager (Male) |
| 11:48 | Build | Farm |
| 11:55 | Queue | Villager (Male) |
| 12:10 | Build | Palisade Wall |
| 12:11 | Build | Palisade Wall |
| 12:17 | Build | Farm |
| 12:21 | Queue | Villager (Male) |
| 12:31 | Build | Farm |
| 12:38 | Build | Palisade Wall |
| 12:39 | Build | Palisade Wall |
| 13:05 | Queue | Villager (Male) |
| 13:07 | Queue | Archer |
| 13:14 | Build | Farm |
| 13:15 | Build | Farm |
| 13:21 | Queue | Villager (Male) |
| 13:21 | Queue | Archer |
| 13:36 | Build | Farm |
| 13:37 | Build | Farm |
| 13:40 | Queue | Villager (Male) |
| 14:06 | Queue | Villager (Male) |
| 14:18 | Build | Farm |
| 14:19 | Build | Farm |
| 14:22 | Queue | Skirmisher |
| 14:28 | Queue | Villager (Male) |
| 14:52 | Build | House |
| 14:53 | Build | House |
| 15:04 | Research | Wheelbarrow |
| 15:26 | Queue | Villager (Male) |
| 15:33 | Queue | Skirmisher |
| 15:44 | Build | Blacksmith |
| 15:52 | Queue | Villager (Male) |
| 16:03 | Queue | Villager (Male) |
| 16:09 | Queue | Villager (Male) |
| 16:16 | Build | House |
| 16:28 | Queue | Skirmisher |
| 16:31 | Queue | Spearman |
| 17:08 | Research | Horse Collar |
| 17:13 | Build | Market |
| 17:14 | Research | Castle Age |
| 17:14 | Research | Castle Age |
| 17:32 | Build | Lumber Camp |
| 17:39 | Queue | Villager (Male) |
| 17:44 | Build | House |
| 17:45 | Build | House |
| 17:48 | Build | Palisade Wall |
| 18:10 | Build | House |
| 18:20 | Build | House |
| 18:23 | Queue | Skirmisher |
| 18:23 | Queue | Skirmisher |
| 18:53 | Queue | Skirmisher |
| 18:59 | Build | House |
| 19:00 | Build | Palisade Wall |
| 19:43 | Queue | Villager (Male) |
| 19:54 | Age | Castle Age |
| 19:55 | Research | Fletching |
| 20:23 | Build | Town Center |
| 20:45 | Build | House |
| 20:48 | Build | House |
| 21:08 | Build | House |
| 21:10 | Queue | Villager (Male) |
| 21:10 | Queue | Villager (Male) |
| 21:12 | Research | Bow Saw |
| 21:12 | Research | Bow Saw |
| 21:13 | Queue | Villager (Male) |
| 21:13 | Queue | Villager (Male) |
| 21:38 | Queue | Villager (Male) |
| 21:43 | Queue | Villager (Male) |
| 21:46 | Queue | Villager (Male) |
| 21:52 | Build | House |
| 21:53 | Queue | Villager (Male) |
| 21:59 | Queue | Villager (Male) |
| 22:04 | Queue | Villager (Male) |
| 22:04 | Queue | Villager (Male) |
| 22:04 | Queue | Villager (Male) |
| 22:04 | Queue | Villager (Male) |
| 22:21 | Queue | Skirmisher |
| 22:21 | Queue | Skirmisher |
| 22:34 | Build | Farm |
Build order — TorsionEngineer
First 150 of 271 actions detected
| 0:00 | Queue | Villager (Male) |
| 0:01 | Queue | Villager (Male) |
| 0:02 | Build | House |
| 0:03 | Build | House |
| 0:10 | Queue | Villager (Male) |
| 0:10 | Queue | Villager (Male) |
| 0:10 | Queue | Villager (Male) |
| 1:14 | Queue | Villager (Male) |
| 1:14 | Queue | Villager (Male) |
| 1:44 | Build | Lumber Camp |
| 2:01 | Queue | Villager (Male) |
| 2:01 | Queue | Villager (Male) |
| 2:18 | Queue | Villager (Male) |
| 2:18 | Queue | Villager (Male) |
| 2:56 | Queue | Villager (Male) |
| 3:07 | Queue | Villager (Male) |
| 3:27 | Build | House |
| 3:34 | Queue | Villager (Male) |
| 3:35 | Queue | Villager (Male) |
| 3:51 | Queue | Villager (Male) |
| 3:52 | Queue | Villager (Male) |
| 3:56 | Build | Palisade Gate |
| 4:37 | Build | Barracks |
| 4:51 | Queue | Villager (Male) |
| 5:13 | Build | House |
| 5:18 | Queue | Villager (Male) |
| 5:34 | Queue | Militia |
| 5:40 | Queue | Villager (Male) |
| 6:00 | Queue | Villager (Male) |
| 6:02 | Build | House |
| 6:05 | Queue | Militia |
| 6:13 | Build | Mill |
| 6:28 | Queue | Villager (Male) |
| 6:38 | Queue | Militia |
| 6:52 | Build | Palisade Wall |
| 6:55 | Queue | Villager (Male) |
| 7:32 | Queue | Villager (Male) |
| 7:58 | Queue | Villager (Male) |
| 8:06 | Build | Mill |
| 8:15 | Queue | Villager (Male) |
| 8:25 | Queue | Villager (Male) |
| 8:52 | Build | House |
| 9:03 | Queue | Villager (Male) |
| 9:15 | Research | Loom |
| 9:18 | Build | Mining Camp |
| 9:21 | Build | Mining Camp |
| 9:54 | Research | Feudal Age |
| 10:47 | Build | Lumber Camp |
| 11:26 | Queue | Militia |
| 12:13 | Age | Feudal Age |
| 12:16 | Queue | Villager (Male) |
| 12:17 | Research | Man-at-Arms (upgrade) |
| 12:17 | Research | Double-Bit Axe |
| 12:18 | Research | Horse Collar |
| 12:22 | Build | Archery Range |
| 12:42 | Queue | Villager (Male) |
| 13:03 | Queue | Villager (Male) |
| 13:08 | Queue | Skirmisher |
| 13:20 | Build | Farm |
| 13:21 | Build | Farm |
| 13:27 | Build | Farm |
| 13:34 | Queue | Villager (Male) |
| 13:50 | Queue | Villager (Male) |
| 13:51 | Queue | Skirmisher |
| 13:55 | Build | Blacksmith |
| 14:05 | Build | House |
| 14:17 | Research | Wheelbarrow |
| 14:23 | Build | Farm |
| 14:24 | Build | Farm |
| 14:51 | Build | House |
| 14:54 | Build | House |
| 15:09 | Queue | Skirmisher |
| 15:26 | Queue | Skirmisher |
| 15:29 | Build | Farm |
| 15:31 | Build | Farm |
| 15:33 | Build | Farm |
| 15:34 | Build | Farm |
| 15:38 | Queue | Villager (Male) |
| 16:01 | Queue | Villager (Male) |
| 16:03 | Build | Farm |
| 16:10 | Build | Farm |
| 16:14 | Build | Farm |
| 16:18 | Build | Farm |
| 16:23 | Queue | Villager (Male) |
| 16:30 | Research | Town Watch |
| 16:37 | Build | House |
| 16:38 | Build | House |
| 16:49 | Queue | Villager (Male) |
| 17:06 | Build | Farm |
| 17:08 | Build | Farm |
| 17:14 | Build | Farm |
| 17:17 | Build | Farm |
| 17:44 | Queue | Villager (Male) |
| 17:57 | Build | Farm |
| 18:02 | Research | Castle Age |
| 18:21 | Queue | Militia |
| 18:22 | Research | Arson |
| 18:26 | Build | Farm |
| 18:56 | Research | Fletching |
| 19:21 | Research | Padded Archer Armor |
| 19:31 | Build | Stable |
| 19:32 | Build | House |
| 20:48 | Queue | Scout Cavalry |
| 20:49 | Age | Castle Age |
| 20:59 | Queue | Villager (Male) |
| 21:09 | Build | Town Center |
| 21:14 | Build | Town Center |
| 21:26 | Queue | Villager (Male) |
| 21:32 | Queue | Scout Cavalry |
| 21:47 | Queue | Villager (Male) |
| 21:53 | Build | Monastery |
| 22:04 | Queue | Villager (Male) |
| 22:16 | Queue | Villager (Male) |
| 22:16 | Queue | Villager (Male) |
| 22:16 | Queue | Villager (Male) |
| 22:18 | Queue | Villager (Male) |
| 22:18 | Queue | Villager (Male) |
| 22:20 | Queue | Scout Cavalry |
| 22:32 | Research | Bodkin Arrow |
| 22:33 | Queue | Cavalry Archer |
| 22:37 | Queue | Monk |
| 22:38 | Queue | Monk |
| 22:47 | Queue | Villager (Male) |
| 22:48 | Queue | Villager (Male) |
| 22:51 | Queue | Villager (Male) |
| 22:51 | Queue | Villager (Male) |
| 23:19 | Research | Long Swordsman (upgrade) |
| 23:32 | Queue | Villager (Male) |
| 23:33 | Queue | Villager (Male) |
| 23:46 | Queue | Villager (Male) |
| 23:46 | Queue | Villager (Male) |
| 23:46 | Queue | Villager (Male) |
| 23:49 | Queue | Monk |
| 23:57 | Queue | Villager (Male) |
| 23:57 | Queue | Villager (Male) |
| 23:57 | Queue | Villager (Male) |
| 24:00 | Research | Bow Saw |
| 24:00 | Research | Heavy Plow |
| 24:20 | Queue | Cavalry Archer |
| 24:50 | Queue | Villager (Male) |
| 24:51 | Queue | Villager (Male) |
| 24:53 | Queue | Villager (Male) |
| 24:54 | Queue | Villager (Male) |
| 25:03 | Research | Hand Cart |
| 25:09 | Build | Farm |
| 25:11 | Build | Farm |
| 25:11 | Build | Farm |
| 25:12 | Build | Farm |
| 25:40 | Queue | Villager (Male) |
| 25:40 | Queue | Villager (Male) |
Match timeline
| 4:37 | TorsionEngineer · first_building Barracks |
| 6:52 | TorsionEngineer · wall_segment Palisade Wall x3 |
| 7:24 | 乌龙珍珠拿铁 · first_building Barracks |
| 9:22 | 乌龙珍珠拿铁 · wall_segment Palisade Wall x1 |
| 9:32 | 乌龙珍珠拿铁 · age_up feudal |
| 9:40 | 乌龙珍珠拿铁 · first_building Archery Range |
| 10:35 | 乌龙珍珠拿铁 · wall_segment Palisade Wall x1 |
| 10:37 | 乌龙珍珠拿铁 · wall_segment Palisade Wall x1 |
| 12:10 | 乌龙珍珠拿铁 · wall_segment Palisade Wall x1 |
| 12:11 | 乌龙珍珠拿铁 · wall_segment Palisade Wall x1 |
| 12:13 | TorsionEngineer · age_up feudal |
| 12:22 | TorsionEngineer · first_building Archery Range |
| 12:38 | 乌龙珍珠拿铁 · wall_segment Palisade Wall x1 |
| 12:39 | 乌龙珍珠拿铁 · wall_segment Palisade Wall x1 |
| 17:48 | 乌龙珍珠拿铁 · wall_segment Palisade Wall x8 |
| 19:00 | 乌龙珍珠拿铁 · wall_segment Palisade Wall x4 |
| 19:16 | 乌龙珍珠拿铁 · first_market_sell 100 food |
| 19:17 | 乌龙珍珠拿铁 · first_market_buy 100 wood |
| 19:31 | TorsionEngineer · first_building Stable |
| 19:54 | 乌龙珍珠拿铁 · age_up castle |
| 20:49 | TorsionEngineer · age_up castle |
| 21:53 | TorsionEngineer · first_building Monastery |
| 29:06 | 乌龙珍珠拿铁 · first_building Monastery |
| 29:58 | 乌龙珍珠拿铁 · first_building Castle |
| 30:33 | TorsionEngineer · first_building Castle |
| 31:36 | TorsionEngineer · first_building Siege Workshop |
| 32:32 | TorsionEngineer · first_market_buy 100 wood |
| 32:53 | TorsionEngineer · age_up imperial |
| 33:19 | 乌龙珍珠拿铁 · age_up imperial |
| 35:02 | 乌龙珍珠拿铁 · first_building Siege Workshop |
| 35:53 | 乌龙珍珠拿铁 · first_building Stable |
| 36:34 | 乌龙珍珠拿铁 · resign |
[ AI ANALYSIS · 1 CREDIT ]
What really happened in this match?
Wolo.gg analyzes every decision: build order, eco, micro, common mistakes by bracket. Personalized analysis on WhatsApp or Discord in 30 seconds.
Civ guide
Byzantines
Perfil
Jugador #3544079